 Dungeon Crawl Stone Soup version v3.01-hellcrawl-74-g7a863a7 (webtiles) character file.

0 Implojin the Bringer of Light (level 27, 273/273 HPs)
             Began as a Hill Orc Fighter on Apr 13, 2017.
             Was the Champion of the Shining One.
             Escaped with the Orb
             ... and 9 runes on Apr 14, 2017!
             The game lasted 04:12:27 (48618 turns).

Implojin the Bringer of Light (Hill Orc Fighter)   Turns: 48618, Time: 04:12:27

Health: 273/273    AC: 37 (48%)Str: 29  XL:     27
Magic:  40/40      EV: 21    Int: 13    God:    the Shining One [******]
Gold:   3446       SH: 35    Dex: 27    Spells: 4/32 levels left

rFire    + + +     SeeInvis .   W - +7 sceptre of Asmodeus
rCold    + + +     Faith    .   k - +8 large shield {reflect} {I hope this doesnt still risk pissing off TSO}
rNeg     + + +     Spirit   .   Y - +2 crystal plate armour "Woeraam" {rElec rC+++ MR- Regen+}
rPois    +         Reflect  +   Q - -2 hat of the Alchemist {rElec rPois rF+ rC+ rN+ MR+ rMut rCorr}
rElec    +                      S - +0 cloak "Vemibru" {Regen+}
rCorr    +                      p - +3 pair of gauntlets of War {Slay+5}
rMut     +                      x - +2 pair of boots
MR       ++...                  N - amulet of regeneration
Stlth    ..........             Z - ring "Miublie" {Wiz rElec rF+ Dex+4}
Regen    1.8/turn               V - ring of fire
MPRegen  0.4/turn

@: mighty, brilliant, agile, resistant, flying, very slightly contaminated,
glowing
A: mutation resistance 1
0: Orb of Zot
}: 9/15 runes: barnacled, slimy, silver, obsidian, demonic, glowing, magical,
fiery, dark
a: Divine Shield, Cleansing Flame, Summon Divine Warrior, Renounce Religion


You were on level 0 of Gehenna.
You worshipped the Shining One.
The Shining One was exalted by your worship.
You were not hungry.

You visited 9 branches of the dungeon, and saw 43 of its levels.
You visited Pandemonium 1 time, and saw 5 of its levels.
You also visited: Bailey and Elven Halls.

You collected 9067 gold pieces.
You spent 5621 gold pieces at shops.

Inventory:

Hand Weapons
 a - a +9 broad axe of holy wrath
   (You took it off Donald on level 3 of the Shoals)
 b - the +8 broad axe "Yllepit" {chop, rElec Dex+6 Stlth-}
   (You found it on level 3 of the Depths)

   It inflicts extra damage upon your enemies.
   It affects your dexterity (+6).
   It insulates you from electricity.
   It makes you less stealthy.
 u - the +5 flail "Geelur" {venom, -Tele rC+ Dex+3}
   (You found it in the Elven Halls)

   It poisons the flesh of those it strikes.
   It affects your dexterity (+3).
   It protects you from cold.
   It prevents most forms of teleportation.
 W - the +7 sceptre of Asmodeus (weapon)
   (You took it off Asmodeus on level 7 of Gehenna)

   The Shining One disapproves of the use of such an item.
 X - the +8 hand axe of the Valley of Death {chop, Int+4}
   (You found it in the Elven Halls)

   It inflicts extra damage upon your enemies.
   It affects your intelligence (+4).
Missiles
 j - 26 curare darts
 R - 73 javelins of penetration
Armour
 k - a +8 large shield of reflection (worn) {I hope this doesnt still risk pissing off TSO}
   (You bought it in a shop on level 1 of the Depths)
 p - the +3 pair of gauntlets of War (worn) {Slay+5}
   (You found it on level 4 of the Pits of Slime)

   It affects your accuracy and damage with ranged weapons and melee attacks
   (+5).
 v - +0 pearl dragon scales
 x - a +2 pair of boots (worn)
 H - a +0 shield of resistance
   (You found it on level 14 of the Dungeon)
 Q - the -2 hat of the Alchemist (worn) {rElec rPois rF+ rC+ rN+ MR+ rMut rCorr}
   (You bought it in a shop on level 2 of the Orcish Mines)

   It protects you from fire.
   It protects you from cold.
   It insulates you from electricity.
   It protects you from poison.
   It protects you from negative energy.
   It affects your resistance to hostile enchantments.
   It protects you from acid and corrosion.
   It protects you from mutation.
 S - the +0 cloak "Vemibru" (worn) {Regen+}
   (You bought it in a shop on level 2 of the Orcish Mines)

   It increases your rate of regeneration.
 Y - the +2 crystal plate armour "Woeraam" (worn) {rElec rC+++ MR- Regen+}
   (You found it on level 4 of the Pits of Slime)

   It renders you almost immune to cold.
   It insulates you from electricity.
   It affects your resistance to hostile enchantments.
   It increases your rate of regeneration.
Magical Staves
 e - an uncursed staff of wizardry
 A - an uncursed staff of air
Jewellery
 c - the ring "Meid" {MP+9 Dex+4}
   (You took it off a vault warden on level 3 of the Vaults)

   [ring of magical power]

   It affects your dexterity (+4).
   It affects your magic capacity (+9).
 m - an uncursed amulet of rage
   (You took it off a deep elf blademaster in the Elven Halls)
 n - a +3 ring of intelligence
   (You found it on level 3 of the Realm of Zot)
 q - a +6 ring of strength
   (You found it on level 2 of the Dungeon)
 E - the ring "Fugis" {rCorr rN+ MR+ Dex-4 Slay+3}
   (You took it off a deep elf sorcerer in the Elven Halls)

   [ring of resist corrosion]

   It affects your dexterity (-4).
   It affects your accuracy and damage with ranged weapons and melee attacks
   (+3).
   It protects you from negative energy.
   It affects your resistance to hostile enchantments.
 J - a +6 ring of protection
   (You took it off a deep elf death mage in the Elven Halls)
 K - an uncursed amulet of faith
   (You found it on level 5 of the Dungeon)
 N - an amulet of regeneration (around neck)
   (You found it on level 6 of the Dungeon)
 P - the ring "Nem Riti" {MR++ AC+3}
   (You took it off a deep elf blademaster in the Elven Halls)

   [ring of protection]

   It affects your AC (+3).
   It affects your resistance to hostile enchantments.
 V - a ring of fire (right hand)
   (You took it off a vault warden on level 3 of the Vaults)
 Z - the ring "Miublie" (left hand) {Wiz rElec rF+ Dex+4}
   (You took it off a vampire knight on level 2 of the Depths)

   [ring of wizardry]

   It improves your spell success rate.
   It affects your dexterity (+4).
   It protects you from fire.
   It insulates you from electricity.
Wands
 B - a wand of digging (4)
Scrolls
 d - 3 scrolls of fog
 t - 3 scrolls of magic mapping
 C - a scroll of silence
 I - 3 scrolls of teleportation
 L - a scroll of fear
 T - a scroll of summoning
Potions
 f - 7 potions of flight
 g - 3 potions of lignification
 i - 6 potions of mutation
 l - 9 potions of brilliance
 o - a potion of haste (quivered) {EIGHT POTIONS OF HASTE}
 r - 9 potions of magic
 w - 14 potions of curing
 z - 5 potions of resistance
 D - 9 potions of heal wounds
 G - a potion of might
 M - 3 potions of ambrosia
 O - a potion of agility
 U - a potion of berserk rage
Miscellaneous
 h - 2 phantom mirrors
 s - a disc of storms
 F - a fan of gales


   Skills:
 O Level 27 Fighting
 O Level 27 Axes
 - Level 7.0 Throwing
 - Level 20.0 Armour
 - Level 11.6 Dodging
 - Level 23.0 Shields
 - Level 3.0 Spellcasting
 * Level 15.5 Charms
 - Level 13.0 Air Magic
 O Level 27 Invocations


You had 4 spell levels left.
You knew the following spells:

 Your Spells              Type           Power        Failure   Level  Hunger
a - Controlled Blink      Tloc           N/A          100%        8    #######
b - Swiftness             Chrm/Air       46 (100)     1%          2    ###....
c - Spectral Weapon       Hex/Chrm       30 (100)     4%          3    ###....
d - Deflect Missiles      Chrm/Air       46 (200)     28%         6    #######
e - Apportation           Tloc           9 (1000)     58%         1    #......
f - Repel Missiles        Chrm/Air       46 (50)      1%          2    ###....
g - Haste                 Chrm           50 (100)     17%         6    #######


Dungeon Overview and Level Annotations

Branches:
Dungeon (15/15) Shoals (3/3) Orc:2 Slime (4/4) Orc:2 Vaults:3 Orc (2/2) D:15 Vaults (3/3) D:15 Shoals:3 Depths (3/3) D:15 Slime:4 Vaults:3 Hell (1/1) Geh (7/7) Hell Zot (5/5) Depths:3 Snake: Orc:2 Spider: Orc:2 Dis: Hell:1 Coc: Hell:1 Tar: Hell:1

Altars:
Cheibriados
Dithmenos
Elyvilon
Gozag
Hepliaklqana
Kikubaaqudgha
Makhleb
Nemelex Xobeh
Okawaru
Qazlal
Ru
Sif Muna
Trog
Uskayaw
Vehumet
Xom
Yredelemnul
Zin
The Shining One

Shops:
Orc:2 !(*[[   Vaults:1 ?   Zot:3 *   Depths:1 !![[   Depths:3 (

Portals:
Hell: Zot:2 Zot:5
Pandemonium: Depths:1 Depths:3

Annotations:
Hell exclusion: ice statue


Innate Abilities, Weirdness & Mutations

You are somewhat resistant to further mutation.


Message History

You now have 3214 gold pieces (gained 24).
You now have 3232 gold pieces (gained 18).
You now have 3257 gold pieces (gained 25).
You pick up the obsidian rune and feel its power.
You now have 9 runes.
Press } to see all the runes you have collected.
Unknown command.
You now have 3288 gold pieces (gained 31).
You now have 3317 gold pieces (gained 29).
You now have 3348 gold pieces (gained 31).
Your extra speed is starting to run out.
You now have 3382 gold pieces (gained 34).
You now have 3392 gold pieces (gained 10).
You feel yourself slow down.
You feel a little less mighty now.
You now have 3407 gold pieces (gained 15).
You feel a little less agile now.
You now have 3446 gold pieces (gained 39).
There is a huge open gate here.
There is a huge open gate here.
A Shadow Fiend and a lich come into view.
There is a huge open gate here.
There is a huge open gate here. "Leave now, before it is too late!"
You resist.
You are caught in a fiery explosion!
The explosion engulfs you! You resist.
Unknown command.
Unknown command.
Casting: Repel Missiles
Confirm with . or Enter, or press ? or * to list all spells.
You feel quick.
A sixfirhy comes into view.
Unknown command.
There is a huge open gate here.
There is a huge open gate here.
You start to feel less resistant.
There is a huge open gate here.
You block the sixfirhy's attack. x2; The sixfirhy closely misses you.
There is a huge open gate here.
There is a huge open gate here.
There is a huge open gate here.
You block the sixfirhy's attack.
You start to feel a little slower.
You block the sixfirhy's attack. x2
Unknown command.
Your resistance to elements expires.
There is a huge open gate here.
You block the sixfirhy's attack. x2
There is a huge open gate here.
Unknown command.
Unknown command.
An ice devil comes into view.
You feel sluggish.
The sixfirhy hits you but does no damage.
You block the sixfirhy's attack. x2; The sixfirhy closely misses you.
You block the sixfirhy's attack.
There is a huge open gate here.
There is a huge open gate here.
You see here a +0 demon whip.
You block the sixfirhy's attack. x2
The sixfirhy hits you but does no damage.
You block the sixfirhy's attack. x2
You start to feel a little faster.
There is a staircase leading out of the dungeon here.
You feel clever all of a sudden. You block the sixfirhy's attack. x2
The ice devil hits you but does no damage.
You block the sixfirhy's attack.
You feel very buoyant.
You fly up into the air.
You block the sixfirhy's attack. The sixfirhy completely misses you.
The sixfirhy hits you but does no damage.
The ice devil hits you but does no damage.
The sixfirhy hits you but does no damage.
You feel very mighty all of a sudden. You block the ice devil's attack.
You feel agile all of a sudden. You block the ice devil's attack.
You feel protected. You block the sixfirhy's attack.
The sixfirhy hits you but does no damage.
The ice devil hits you but does no damage.
Okay, then.
Quiver which item? (- for none, * to show all) (? for menu, Esc to quit)
Quivering
o - a potion of haste {EIGHT POTIONS OF HASTE} for throwing.
Wield which item (- for none, * to show all)? (? for menu, Esc to quit)
Your +9 broad axe of holy wrath stops glowing.
You really shouldn't be using an evil item like this.
W - the +7 sceptre of Asmodeus (weapon)
The sixfirhy closely misses you. You block the sixfirhy's attack.
You block the ice devil's attack.
Enter note: :NINE RUNES BABY
Enter note: :STAIRLESS CRAWL IS BEST CRAWL
Enter note: :SEE YOU NEXT TIME You no longer feel sluggish.
You block the sixfirhy's attack.
The sixfirhy hits you but does no damage.
You block the sixfirhy's attack. The sixfirhy misses you.
You block the ice devil's attack.
You have escaped!

#..########''####''########..# *
#...##'................'##...# *
#....'''..............'''....# *
#.....'##............##'.....# *
############''##''############ *
#')##''# * *********** #......#
************
,,,,,,,,,,**##.43.##**,,,,,,,,,,,
≈,,,,,,,,,,**##)@##**,,,,,,,,,,,,
,,,,,,,,,,,,**####**,,,,,,,,,,,≈≈
,,≈,,,≈≈,,,,,** **,,,,,≈,,,≈,≈,≈
≈,,,,,,,,≈≈≈≈≈****,≈≈,,≈,,,,,,,,≈
≈,,,≈≈≈≈≈≈≈≈≈≈≈**,≈≈,≈,≈≈≈≈≈≈,,≈≈
≈≈≈≈≈≈≈≈≈≈≈≈≈≈≈≈≈≈≈≈≈≈≈≈≈≈≈≈≈≈≈≈≈
*********************************


You could see an ice devil and a sixfirhy.

Vanquished Creatures
  Cerebov (Pan)
  Asmodeus (Geh:7)
  Gloorx Vloq (Pan)
  the Royal Jelly (Slime:4)
  Mnoleg (Pan)
  Lom Lobon (Pan)
  2 seraphim
  6 orbs of fire
  4 ancient liches (Zot:5)
  4 juggernauts (Depths:3)
  3 Killer Klowns
  Geryon (Hell)
  4 cool robins
  7 acid robins
  3 THE GIAGGOSTUONOs
  4 curse toes
  7 antimatter elves
  7 golden dragons
  Jory (Depths:2)
  10 giant giants
  10 pandemonium lords
  2 pearl dragons (Pan)
  2 Shadow Fiends (Hell)
  Jorgrun (Shoals:3)
  13 Brimstone Fiends
  7 electric golems
  6 zotbots
  9 liches
  41 Orb Guardians
  11 ghost robins
  6 quicksilver dragons
  4 Hell Sentinels
  A titan (Vaults:3)
  3 Ice Fiends
  2 deep elf blademasters (Elf)
  10 death cobs
  8 subtractor snakes
  2 deep elf master archers (Elf)
  17 Executioners
  3 sphinxes
  2 eldritch tentacles
  7 Orb Childs
  24 acid blobs
  Polyphemus (Shoals:2)
  Kirke (D:15)
  2 ancient champions
  4 iron trolls
  13 tentacled monstrosities
  10 plutonium crabs
  8 tengu reavers
  13 shadow dragons
  Ilsuiw (Shoals:3)
  Frances (Shoals:1)
  A storm dragon (Vaults:3)
  14 daevas
  Donald (Shoals:3)
  15 azure jellies
  5 deep elf elementalists (Elf)
  13 fire giants
  4 deep elf sorcerers (Elf)
  11 ghost moths
  7 frost giants
  An imperial myrmidon (Vaults:2)
  20 balrugs
  11 vault wardens
  16 angels
  14 cacodemons
  An acid robin zombie (Depths:2)
  6 curse skulls
  An acid robin skeleton (Depths:2)
  8 reapers
  8 ironheart preservers
  13 stone giants
  2 revenants
  14 very ugly things
  8 mutatatotots
  10 ophanim (Pan)
  5 war gargoyles
  A corrupter (Geh:6)
  4 deep elf demonologists (Elf)
  6 vampire knights
  18 apis (Pan)
  Azrael (D:14)
  9 deep elf annihilators
  5 lorocyprocas
  5 blizzard demons (Hell)
  6 merfolk javelineers
  3 quicksilver dragon zombies
  11 death oozes
  7 merfolk impalers (Shoals:3)
  13 ettins
  A black sun (Geh:7)
  4 deep elf death magi
  2 green deaths (Hell)
  2 small abominations
  17 large abominations
  5 deep elf high priests
  10 yaktaur captains
  15 great orbs of eyes
  3 fire dragons
  A great orb of eyes (shapeshifter) (Vaults:3)
  Erolcha (D:9)
  34 vault guards
  12 ogre magi
  8 jiangshi (Depths:2)
  11 rakshasas
  2 ice dragons
  A quicksilver dragon skeleton (Geh:7)
  A spriggan air mage (Depths:3)
  4 eidola
  2 catoblepae
  4 hydras
  2 monstrous demonspawn
  An alligator snapping turtle (Shoals:3)
  6 centaur warriors
  28 two-headed ogres
  2 death knights
  A two-headed ogre (shapeshifter) (Vaults:3)
  6 merfolk aquamancers
  9 death yaks
  4 satyrs
  6 deep troll shamans
  2 tengu warriors
  8 hell hogs
  11 vampire magi
  2 dancing weapons (Vaults:3)
  3 titan zombies
  2 spriggan berserkers (Depths:3)
  A deep elf knight (Vaults:1)
  2 deep troll earth magi
  2 storm dragon zombies
  22 sun demons
  9 shadow wraiths
  13 soul eaters
  Sonja (D:14)
  2 fire crabs
  38 hell knights
  3 titan skeletons
  18 sixfirhies
  4 unseen horrors
  2 ghost moth zombies
  9 skeletal warriors
  13 cherubim (Pan)
  A spark wasp zombie (Depths:2)
  21 deep trolls
  2 golden dragon zombies (Geh:4)
  A death drake (shapeshifter) (D:14)
  A shadow demon (Geh:6)
  7 sea snakes
  Pikel (D:9)
  A deep elf archer (Vaults:2)
  2 torturous demonspawn (Geh:7)
  A golden dragon skeleton (Geh:3)
  2 gelid demonspawn
  2 shadow dragon zombies
  3 flayed ghosts
  7 glowing orange brains
  2 anaconda skeletons
  An anaconda zombie (Hell)
  A putrid demonspawn (Hell)
  A wolf spider zombie (D:14)
  A tengu zombie (Depths:2)
  5 wizards
  15 phantasmal warriors
  16 ironbrand convokers
  9 manticores
  10 harpies
  An iron dragon zombie (Geh:2)
  12 necromancers
  53 zotlings
  An oklob plant (Shoals:1)
  3 orc knights
  5 frost giant zombies
  2 orc sorcerers
  4 ugly things
  26 moths of wrath
  8 fire giant zombies
  2 stone giant zombies (Depths:2)
  7 cyclopes
  5 deep elf magi
  13 shining eyes
  A sphinx skeleton (Depths:2)
  A frost giant skeleton (Depths:2)
  2 fire giant skeletons
  26 fauns
  A hornet (shapeshifter) (Vaults:3)
  7 sirens
  2 black mambas
  A moth of wrath (shapeshifter) (Vaults:2)
  A naga mage (D:15)
  2 water nymphs (Shoals:2)
  5 eyes of devastation
  A dire elephant zombie (Geh:4)
  15 rust devils
  18 orange demons
  3 stone giant skeletons
  12 vault sentinels
  A torpor snail (D:15)
  14 smoke demons
  5 gargoyles
  3 spiny frogs
  7 molten gargoyles
  An emperor scorpion zombie (Geh:2)
  A rime drake (shapeshifter) (Vaults:1)
  15 yaktaurs
  22 hellions
  2 demonic crawlers
  A komodo dragon (shapeshifter) (Vaults:1)
  3 freezing wraiths
  23 hellwings
  8 tormentors
  4 efreet
  6 ice devils
  A harpy zombie (Geh:3)
  A hydra zombie (Geh:4)
  19 merfolk
  A merfolk (shapeshifter) (Vaults:2)
  A meliai (D:14)
  9 trolls
  A jumping spider (shapeshifter) (Vaults:1)
  A catoblepas skeleton (Geh:7)
  A harpy skeleton (Geh:6)
  A polar bear (shapeshifter) (Vaults:3)
  4 wind drakes
  A hydra skeleton (Geh:6)
  A raiju (Depths:2)
  3 blink frogs
  7 snapping turtles
  4 dream sheep (Shoals:3)
  An ice dragon zombie (Geh:2)
  3 air elementals (Depths:3)
  112 slime creatures
  A hornet zombie (D:15)
  A redback (shapeshifter) (Vaults:3)
  A black mamba zombie (Hell)
  6 flying skulls (Depths:2)
  5 shadows
  A centaur simulacrum (D:14)
  9 water elementals
  Sigmund (D:5)
  8 ynoxinuls
  5 fire bats (Geh:4)
  6 ettin skeletons
  8 golden eyes
  14 fire elementals
  9 wyverns
  6 hogs (D:15)
  8 yaks
  3 vampires
  8 chaos spawn
  16 neqoxecs
  2 wargs
  2 steam dragons
  A harpy simulacrum (D:15)
  4 acid dragons
  A swamp worm (shapeshifter) (Vaults:3)
  33 hell hounds
  4 water moccasins
  3 floating eyes
  2 spiny frog zombies
  18 orc warriors
  2 spiny frog skeletons (Hell)
  4 ice beasts
  A black bear (D:10)
  2 swamp dragon zombies
  A slave (D:9)
  2 boggarts
  42 ogres
  A snapping turtle zombie (Hell)
  3 wasps
  8 eyes of draining
  7 wolves (Depths:2)
  18 centaurs
  A manticore skeleton (Pan)
  A snapping turtle skeleton (Pan)
  4 bullfrogs
  A swamp dragon skeleton (Pan)
  A rime drake skeleton (D:10)
  A gnoll sergeant (D:8)
  4 wyvern zombies
  3 scorpions
  A wyvern skeleton (D:6)
  14 killer bees
  12 crimson imps
  2 wights
  2 howler monkeys
  5 centaur zombies
  4 quasits
  9 orc priests
  A wasp zombie (D:10)
  6 centaur skeletons
  6 hounds
  12 jellies
  21 orc wizards
  4 gnoll shamans
  3 iron imps
  3 worker ants
  6 iguanas
  A hound zombie (D:7)
  2 hound skeletons
  76 gnolls
  4 adders
  5 shadow imps
  An ooze (D:1)
  A ball lightning (Pan)
  2 dart slugs
  41 orcs
  5 quokkas
  7 bats
  3 giant cockroaches
  13 goblins
  19 hobgoblins
  29 jackals
  3 ball pythons
  5 frilled lizards
  16 kobolds
  4 rats
  2 crawling corpses (Elf)
  2 fire vortices
  11 plants
2281 creatures vanquished.

Vanquished Creatures (collateral kills)
  An Orb Guardian (Hell)
  A subtractor snake (Depths:3)
  A vault warden (Vaults:1)
  A sixfirhy (Hell)
  An oklob plant (Shoals:1)
  A plant (Shoals:1)
6 creatures vanquished.

Vanquished Creatures (others)
  An orb of fire (Zot:5)
  An eldritch tentacle (Pan)
  A subtractor snake (Zot:2)
  An Executioner (Geh:2)
  A fire giant (Vaults:3)
  A balrug (Geh:7)
  A hell hog (Geh:6)
  An ugly thing (Depths:3)
  A yaktaur (Depths:2)
  2 merfolk (Shoals:3)
  A floating eye (Pan)
  A blink frog skeleton (D:14)
  An ogre (Vaults:3)
  A ball lightning (Pan)
  94 plants
109 creatures vanquished.

Grand Total: 2396 creatures vanquished

Notes
Turn   | Place    | Note
-------+----------+-------------------------------------------
     0 | D:1      | Implojin the Hill Orc Fighter began the quest for the Orb.
     0 | D:1      | Reached XP level 1. HP: 19/19 MP: 1/1
     9 | D:1      | Reached skill level 3 in Axes
    42 | D:1      | Reached XP level 2. HP: 16/26 MP: 2/2
   162 | D:1      | Reached skill level 4 in Axes
   342 | D:1      | Reached XP level 3. HP: 31/31 MP: 3/3
   729 | D:2      | Reached skill level 5 in Axes
   851 | D:2      | Found a faded altar of an unknown god.
  1081 | D:2      | Reached XP level 4. HP: 39/39 MP: 4/4
  1281 | D:2      | Reached skill level 6 in Axes
  1604 | D:3      | Found a white marble altar of Elyvilon.
  1604 | D:3      | Found an opulent altar of Gozag.
  1762 | D:3      | Reached skill level 7 in Axes
  1762 | D:3      | Reached XP level 5. HP: 45/45 MP: 5/5
  1837 | D:3      | Found a hide-covered altar of Uskayaw.
  1906 | D:3      | Found a shadowy altar of Dithmenos.
  2076 | D:4      | Reached skill level 4 in Fighting
  2115 | D:4      | Reached skill level 5 in Fighting
  2115 | D:4      | Reached XP level 6. HP: 56/56 MP: 6/6
  2248 | D:4      | Found an ancient bone altar of Kikubaaqudgha.
  2444 | D:4      | Found a glowing golden altar of the Shining One.
  2444 | D:4      | Found a hazy altar of Hepliaklqana.
  2465 | D:4      | Became a worshipper of the Shining One
  2504 | D:5      | Entered Level 5 of the Dungeon
  2530 | D:5      | Noticed a water moccasin
  2540 | D:5      | Killed a water moccasin
  2540 | D:5      | Reached skill level 6 in Fighting
  2658 | D:5      | Noticed a yak
  2659 | D:5      | Noticed a yak
  2664 | D:5      | Noticed a yak
  2675 | D:5      | Killed a yak
  2675 | D:5      | Reached skill level 7 in Fighting
  2675 | D:5      | Reached XP level 7. HP: 50/67 MP: 7/7
  2684 | D:5      | Killed a yak
  2684 | D:5      | Reached skill level 8 in Fighting
  2686 | D:5      | Killed a yak
  2686 | D:5      | Reached skill level 9 in Fighting
  2686 | D:5      | Reached XP level 8. HP: 65/78 MP: 8/8
  2850 | D:5      | Found a deep blue altar of Sif Muna.
  2908 | D:5      | Noticed Sigmund
  2926 | D:5      | Reached skill level 8 in Axes
  3355 | D:5      | Reached skill level 9 in Axes
  3487 | D:5      | Killed Sigmund
  3487 | D:5      | Reached skill level 10 in Axes
  3557 | D:5      | Found a sacrificial altar of Ru.
  3841 | D:5      | Reached * piety under the Shining One
  3846 | D:5      | Reached skill level 11 in Axes
  3850 | D:5      | Reached XP level 9. HP: 67/84 MP: 9/9
  3858 | D:5      | Reached skill level 10 in Fighting
  3860 | D:5      | HP: 18/85 [gnoll/+0 halberd (9)]
  4561 | D:6      | Reached skill level 11 in Fighting
  4757 | D:6      | Reached skill level 4 in Shields
  4837 | D:6      | Noticed a two-headed ogre
  4852 | D:6      | Killed a two-headed ogre
  4852 | D:6      | Reached skill level 7 in Shields
  5291 | D:7      | Reached XP level 10. HP: 95/95 MP: 10/10
  5332 | D:7      | Found a snail-covered altar of Cheibriados.
  5347 | D:7      | Reached skill level 8 in Shields
  5505 | D:7      | Found a bloodstained altar of Trog.
  5526 | D:7      | Found a glowing silver altar of Zin.
  5714 | D:7      | Found a burning altar of Makhleb.
  5716 | D:7      | Reached ** piety under the Shining One
  5748 | D:7      | Found an iron altar of Okawaru.
  5887 | D:7      | Reached skill level 9 in Shields
  6009 | D:7      | Found a stormy altar of Qazlal.
  6016 | D:7      | Found a radiant altar of Vehumet.
  6016 | D:7      | Found a glowing silver altar of Zin.
  6020 | D:7      | Found a sparkling altar of Nemelex Xobeh.
  6021 | D:7      | Found a shimmering altar of Xom.
  6059 | D:7      | Found a basalt altar of Yredelemnul.
  6135 | D:8      | Reached skill level 10 in Shields
  6228 | D:8      | Reached skill level 4 in Armour
  6437 | D:9      | Reached skill level 5 in Armour
  6445 | D:9      | Noticed Pikel
  6462 | D:9      | Killed Pikel
  6462 | D:9      | Reached skill level 6 in Armour
  6552 | D:9      | Reached skill level 7 in Armour
  6642 | D:9      | Noticed Erolcha
  6655 | D:9      | Killed Erolcha
  6655 | D:9      | Reached skill level 8 in Armour
  6655 | D:9      | Reached XP level 11. HP: 102/102 MP: 11/11
  6864 | D:10     | Entered Level 10 of the Dungeon
  7068 | D:10     | Noticed a manticore
  7072 | D:10     | Reached skill level 9 in Armour
  7082 | D:10     | Killed a manticore
  7187 | D:10     | Reached *** piety under the Shining One
  7227 | D:10     | Reached skill level 10 in Armour
  7307 | D:10     | Reached skill level 1 in Dodging
  7444 | D:10     | Reached skill level 2 in Dodging
  7451 | D:10     | Got the +1 quarterstaff of a labyrinth {venom, +Rage rElec rPois Str-4}
  7875 | D:11     | Found a flagged portal.
  7890 | D:11     | Noticed a two-headed ogre
  7905 | D:11     | Killed a two-headed ogre
  7905 | D:11     | Reached skill level 3 in Dodging
  7987 | Bailey   | Entered a bailey
  8330 | D:11     | Noticed a death yak
  8330 | D:11     | Noticed a death yak
  8330 | D:11     | Noticed a death yak
  8330 | D:11     | Noticed a death yak
  8330 | D:11     | Noticed a death yak
  8341 | D:11     | Killed a death yak
  8341 | D:11     | Reached skill level 4 in Dodging
  8343 | D:11     | Killed a death yak
  8343 | D:11     | Reached skill level 5 in Dodging
  8358 | D:11     | HP: 19/102 [death yak (15)]
  8364 | D:11     | Killed a death yak
  8364 | D:11     | Killed a death yak
  8364 | D:11     | Reached skill level 6 in Dodging
  8365 | D:11     | HP: 22/102 [death yak (10)]
  8366 | D:11     | Killed a death yak
  8500 | D:11     | Reached XP level 12. HP: 110/110 MP: 12/12
  8621 | D:11     | Noticed a two-headed ogre
  8629 | D:11     | Killed a two-headed ogre
  8629 | D:11     | Reached skill level 7 in Dodging
  8959 | D:11     | Reached skill level 8 in Dodging
  9246 | D:12     | Reached skill level 12 in Axes
  9382 | D:12     | Reached **** piety under the Shining One
  9403 | D:12     | Reached skill level 13 in Axes
  9642 | D:12     | Reached skill level 14 in Axes
  9700 | D:12     | Noticed a tengu warrior
  9714 | D:12     | Killed a tengu warrior
 10086 | D:13     | Noticed a catoblepas
 10099 | D:13     | Killed a catoblepas
 10099 | D:13     | Reached skill level 15 in Axes
 10099 | D:13     | Reached XP level 13. HP: 96/116 MP: 13/13
 10457 | D:13     | Reached skill level 12 in Fighting
 10716 | D:13     | Reached ***** piety under the Shining One
 10963 | D:13     | Reached skill level 1 in Throwing
 11029 | D:13     | Reached skill level 2 in Throwing
 11195 | D:13     | Found a shimmering altar of Xom.
 11220 | D:13     | Reached skill level 3 in Throwing
 11253 | D:13     | Reached skill level 4 in Throwing
 11642 | D:13     | Reached skill level 5 in Throwing
 11695 | D:13     | Reached skill level 6 in Throwing
 12067 | D:14     | Reached skill level 7 in Throwing
 12114 | D:14     | Reached skill level 13 in Fighting
 12404 | D:14     | Reached XP level 14. HP: 106/129 MP: 14/14
 12491 | D:14     | Noticed Sonja
 12512 | D:14     | Killed Sonja
 12582 | D:14     | Reached skill level 14 in Fighting
 12911 | D:14     | Noticed Azrael
 13100 | D:14     | Reached skill level 15 in Fighting
 13236 | D:14     | Killed Azrael
 13544 | D:14     | Reached skill level 11 in Shields
 13546 | D:14     | Reached ****** piety under the Shining One
 14091 | D:14     | Reached skill level 12 in Shields
 14129 | D:14     | Noticed a tengu reaver
 14173 | D:14     | Killed a tengu reaver
 14492 | D:15     | Entered Level 15 of the Dungeon
 14764 | D:15     | Found a gate to the Vaults.
 14778 | D:15     | Reached XP level 15. HP: 141/141 MP: 15/15
 14787 | D:15     | Reached skill level 11 in Armour
 15104 | D:15     | Reached skill level 12 in Armour
 15149 | D:15     | Noticed Kirke
 15183 | D:15     | Noticed a sphinx
 15666 | D:15     | Killed Kirke
 15889 | D:15     | Found a staircase to the Orcish Mines.
 15996 | D:15     | Reached skill level 13 in Armour
 16112 | D:15     | Found a staircase to the Depths.
 16301 | Orc:1    | Entered Level 1 of the Orcish Mines
 16770 | Orc:2    | Entered Level 2 of the Orcish Mines
 16784 | Orc:2    | Found a staircase to the Shoals.
 16816 | Orc:2    | Found Jennil's Distillery.
 16841 | Orc:2    | Reached skill level 14 in Armour
 16956 | Orc:2    | Found Jixkogif's Weapon Shoppe.
 17042 | Orc:2    | Reached skill level 15 in Armour
 17074 | Orc:2    | Reached XP level 16. HP: 102/149 MP: 16/16
 17138 | Orc:2    | Found Yqohygisor's Assorted Antiques.
 17139 | Orc:2    | Found Wyehaph's Antique Armour Emporium.
 17139 | Orc:2    | Found Bisheana's Armour Boutique.
 17250 | Orc:2    | Found a staircase to the Slime Pits.
 17694 | Orc:2    | Bought the -2 hat of the Alchemist {rElec rPois rF+ rC+ rN+ MR+ rMut rCorr} for 1321 gold pieces
 17716 | Orc:2    | Bought the +0 cloak "Vemibru" {Regen+} for 138 gold pieces
 17729 | Orc:2    | Bought a scroll of brand weapon for 480 gold pieces
 17772 | Orc:2    | Bought a potion of heal wounds for 75 gold pieces
 17772 | Orc:2    | Bought a potion of agility for 60 gold pieces
 17772 | Orc:2    | Bought a potion of curing for 45 gold pieces
 17772 | Orc:2    | Bought a potion of ambrosia for 120 gold pieces
 17772 | Orc:2    | Bought a potion of heal wounds for 75 gold pieces
 17772 | Orc:2    | Bought a potion of curing for 45 gold pieces
 17772 | Orc:2    | Bought a potion of berserk rage for 75 gold pieces
 17802 | Orc:2    | Bought a scroll of fog for 48 gold pieces
 17968 | Shoals:1 | Entered Level 1 of the Shoals
 18083 | Shoals:1 | Reached skill level 16 in Armour
 18211 | Shoals:1 | Noticed Frances
 18242 | Shoals:1 | Killed Frances
 18818 | Shoals:2 | Reached skill level 16 in Axes
 19235 | Shoals:2 | Noticed Polyphemus
 19250 | Shoals:2 | Reached skill level 17 in Axes
 19269 | Shoals:2 | Killed Polyphemus
 19666 | Shoals:3 | Entered Level 3 of the Shoals
 19767 | Shoals:3 | Reached skill level 18 in Axes
 19768 | Shoals:3 | HP: 33/149 [merfolk/+0 halberd (18)]
 19773 | Shoals:3 | HP: 20/149 [merfolk aquamancer/shard of ice (22)]
 19783 | Shoals:3 | HP: 34/149 [manticore (10)]
 19791 | Shoals:3 | HP: 35/149 [merfolk/+0 trident (7)]
 19804 | Shoals:3 | HP: 26/149 [faun/+0 club (9)]
 19810 | Shoals:3 | Noticed Ilsuiw
 19813 | Shoals:3 | HP: 31/149 [satyr/sling bullet (1)]
 19818 | Shoals:3 | HP: 25/149 [merfolk javelineer/javelin of penetration (11)]
 19822 | Shoals:3 | HP: 12/149 [wind drake/the air (12)]
 19990 | Shoals:3 | Got Qooh's Papyrus of Earthen Stolen Souls
 20044 | Shoals:3 | Reached skill level 19 in Axes
 20169 | Shoals:3 | Reached XP level 17. HP: 144/156 MP: 17/17
 20201 | Shoals:3 | Noticed Jorgrun
 20210 | Shoals:3 | Noticed Donald
 20224 | Shoals:3 | Killed Donald
 20225 | Shoals:3 | Killed Jorgrun
 20225 | Shoals:3 | Reached skill level 16 in Fighting
 20436 | Shoals:3 | Killed Ilsuiw
 20436 | Shoals:3 | Reached skill level 17 in Fighting
 20554 | Shoals:3 | Found a gate to the Vaults.
 20564 | Shoals:3 | Got a barnacled rune of Zot
 21058 | Vaults:1 | Entered Level 1 of the Vaults
 21154 | Vaults:1 | Reached skill level 18 in Fighting
 21168 | Vaults:1 | HP: 39/165 [vault warden/+1 battleaxe (29)]
 21403 | Vaults:1 | Noticed a sphinx
 21420 | Vaults:1 | Killed a sphinx
 21420 | Vaults:1 | Reached skill level 19 in Fighting
 21741 | Vaults:1 | Reached XP level 18. HP: 176/176 MP: 18/18
 21761 | Vaults:1 | Found Dirch's Magic Scroll Emporium.
 22366 | Vaults:1 | Bought a scroll of teleportation for 57 gold pieces
 22366 | Vaults:1 | Bought a scroll of teleportation for 57 gold pieces
 22366 | Vaults:1 | Bought a scroll of fog for 38 gold pieces
 22366 | Vaults:1 | Bought 3 scrolls of enchant armour for 427 gold pieces
 22525 | Vaults:2 | Reached skill level 9 in Dodging
 22645 | Vaults:2 | Learned a level 8 spell: Controlled Blink
 22944 | Vaults:2 | Reached skill level 10 in Dodging
 23162 | Vaults:2 | Reached skill level 11 in Dodging
 23892 | Vaults:3 | Entered Level 3 of the Vaults
 23892 | Vaults:3 | Found a staircase to the Slime Pits.
 23892 | Vaults:3 | Found a staircase to the Depths.
 23945 | Vaults:3 | Reached skill level 17 in Armour
 23949 | Vaults:3 | Reached XP level 19. HP: 77/183 MP: 19/19
 24113 | Vaults:3 | Reached skill level 18 in Armour
 24271 | Vaults:3 | Noticed a lich
 24286 | Vaults:3 | Killed a lich
 24286 | Vaults:3 | Reached skill level 2 in Invocations
 24301 | Vaults:3 | Got a silver rune of Zot
 24503 | Vaults:3 | HP: 45/183 [stone giant (22)]
 24668 | Vaults:3 | Reached skill level 19 in Armour
 24808 | Vaults:3 | asdfg
 24948 | Vaults:3 | Got the +5 ring mail of Resonance {Regen+ Stlth+}
 25115 | Vaults:3 | Reached skill level 20 in Armour
 25119 | Vaults:3 | :oops
 25138 | Vaults:3 | Reached skill level 13 in Shields
 25155 | Vaults:3 | :uh
 25160 | Vaults:3 | Reached XP level 20. HP: 87/191 MP: 22/22
 25183 | Vaults:3 | Got the ring "Meid" {MP+9 Dex+4}
 25193 | Vaults:3 | Got the +9 triple crossbow of the Gnat {penet, +Blink +Inv rF-}
 25371 | Vaults:3 | Learned a level 2 spell: Swiftness
 25375 | Vaults:3 | Learned a level 3 spell: Spectral Weapon
 25382 | Vaults:3 | Learned a level 6 spell: Deflect Missiles
 25579 | Vaults:3 | Reached skill level 14 in Shields
 25719 | Vaults:3 | HP: 38/191 [war gargoyle/spray of metal splinters (16)]
 25725 | Vaults:3 | HP: 21/286 [tengu reaver/+0 scimitar of slicing (5)]
 25733 | Vaults:3 | HP: 19/286 [frost giant/+0 battleaxe of freezing (7)]
 25740 | Vaults:3 | Reached skill level 15 in Shields
 26009 | Vaults:3 | Got Sif Muna's Tome of the Igneous Mountains
 26388 | Vaults:3 | Identified the +1 rapier of Inference {pierce, +Blink rElec}
 26607 | Slime:1  | Entered Level 1 of the Pits of Slime
 26611 | Slime:1  | Gained mutation: You are dopey. (Int -5) [a shining eye]
 26614 | Slime:1  | Reached skill level 3 in Invocations
 26618 | Slime:1  | Reached skill level 4 in Invocations
 26622 | Slime:1  | Reached skill level 5 in Invocations
 26737 | Slime:1  | Reached skill level 6 in Invocations
 26847 | Slime:1  | Gained mutation: You occasionally shout uncontrollably at your foes. [a shining eye]
 26860 | Slime:1  | Gained mutation: Your body sometimes deteriorates upon taking damage. [a shining eye]
 26861 | Slime:1  | Reached skill level 7 in Invocations
 26864 | Slime:1  | Lost mutation: You are dopey. (Int -5) [potion of mutation]
 26864 | Slime:1  | Lost mutation: You occasionally shout uncontrollably at your foes. [potion of mutation]
 27272 | Slime:2  | Reached skill level 8 in Invocations
 27309 | Slime:2  | Reached skill level 9 in Invocations
 27329 | Slime:2  | Reached skill level 10 in Invocations
 27519 | Slime:2  | Reached skill level 11 in Invocations
 27635 | Slime:2  | Reached XP level 21. HP: 184/198 MP: 29/29
 28237 | Slime:3  | Reached skill level 20 in Axes
 28409 | Slime:3  | Gained mutation: You tend to lose your temper in combat. [a shining eye]
 28428 | Slime:3  | Gained mutation: Scrolls take you a little longer to read. [a shining eye]
 28608 | Slime:4  | Entered Level 4 of the Pits of Slime
 28615 | Slime:4  | Gained mutation: You expend magic power (3 MP) to strengthen your wands. [a shining eye]
 28622 | Slime:4  | :fighting this is a bad idea but i think i need might for trj
 28839 | Slime:4  | Reached skill level 21 in Axes
 29233 | Slime:4  | Lost mutation: Scrolls take you a little longer to read. [potion of mutation]
 29233 | Slime:4  | Lost mutation: You expend magic power (3 MP) to strengthen your wands. [potion of mutation]
 29233 | Slime:4  | Lost mutation: Your body sometimes deteriorates upon taking damage. [potion of mutation]
 29233 | Slime:4  | Lost mutation: You tend to lose your temper in combat. [potion of mutation]
 29233 | Slime:4  | Gained mutation: You are resistant to hostile enchantments. (MR+) [potion of mutation]
 29369 | Slime:4  | Reached skill level 20 in Fighting
 29450 | Slime:4  | Noticed the Royal Jelly
 29454 | Slime:4  | Found a staircase to the Depths.
 29479 | Slime:4  | Killed the Royal Jelly
 29484 | Slime:4  | HP: 50/202 [acid blob/splash of acid (5)]
 29615 | Slime:4  | Got a slimy rune of Zot
 29756 | Slime:4  | Got the +2 crystal plate armour "Woeraam" {rElec rC+++ MR- Regen+}
 30040 | Depths:1 | Entered Level 1 of the Depths
 30091 | Depths:1 | Found a one-way gate leading to the halls of Pandemonium.
 30171 | Depths:1 | Reached skill level 21 in Fighting
 30185 | Depths:1 | Found a portal to the Elven Halls.
 30192 | Depths:1 | :ELF LICKER
 30194 | Elf      | Entered the Elven Halls
 30257 | Elf      | Reached skill level 12 in Invocations
 30263 | Elf      | Reached XP level 22. HP: 213/213 MP: 31/31
 30347 | Elf      | Reached skill level 13 in Invocations
 30510 | Elf      | Reached skill level 14 in Invocations
 30520 | Elf      | Got the ring "Fugis" {rCorr rN+ MR+ Dex-4 Slay+3}
 30529 | Elf      | Got the ring "Nem Riti" {MR++ AC+3}
 30709 | Elf      | Got the +5 flail "Geelur" {venom, -Tele rC+ Dex+3}
 30760 | Elf      | Got the Almanac of the Gliding Arsonist
 30790 | Elf      | Got the +8 hand axe of the Valley of Death {chop, Int+4}
 30937 | Depths:1 | Found Dadimoil's Armour Shop.
 30967 | Depths:1 | Reached skill level 15 in Invocations
 31030 | Depths:1 | Found Poekk's Distillery.
 31173 | Depths:1 | Found Buoquet's Antique Armour Emporium.
 31215 | Depths:1 | Reached skill level 16 in Invocations
 31552 | Depths:1 | Found Rometas's Distillery.
 31838 | Depths:1 | Bought a +0 large shield of reflection for 187 gold pieces
 31891 | Depths:1 | Bought a potion of berserk rage for 105 gold pieces
 31891 | Depths:1 | Bought a potion of haste for 210 gold pieces
 31891 | Depths:1 | Bought a potion of curing for 63 gold pieces
 31891 | Depths:1 | Bought a potion of haste for 210 gold pieces
 31891 | Depths:1 | Bought a potion of resistance for 210 gold pieces
 31891 | Depths:1 | Bought a potion of might for 84 gold pieces
 31891 | Depths:1 | Bought a potion of haste for 210 gold pieces
 31891 | Depths:1 | Bought a potion of curing for 63 gold pieces
 31891 | Depths:1 | Bought a potion of berserk rage for 105 gold pieces
 31891 | Depths:1 | Bought a potion of haste for 210 gold pieces
 31909 | Depths:1 | Bought a potion of haste for 210 gold pieces
 31909 | Depths:1 | Bought a potion of haste for 210 gold pieces
 31909 | Depths:1 | Bought a potion of flight for 63 gold pieces
 31909 | Depths:1 | Bought a potion of agility for 84 gold pieces
 31909 | Depths:1 | Bought a potion of berserk rage for 105 gold pieces
 31909 | Depths:1 | Bought a potion of magic for 168 gold pieces
 31909 | Depths:1 | Bought a potion of curing for 63 gold pieces
 32082 | Depths:1 | :hmm
 32082 | Depths:1 | :does this always generate on U:3 here
 32082 | Depths:1 | or do i have to take it now
 32082 | Depths:1 | >There's no warning for skipping pan yet, but it will always have an entrance on depths:3.
 32082 | Depths:1 | :okay
 32082 | Depths:1 | :if it doesnt gen, blame hellmonk
 32174 | Depths:2 | Reached skill level 17 in Invocations
 32206 | Depths:2 | Found a radiant altar of Vehumet.
 32378 | Depths:2 | Reached skill level 18 in Invocations
 32383 | Depths:2 | Noticed Jory
 32394 | Depths:2 | Killed Jory
 32421 | Depths:2 | Found a basalt altar of Yredelemnul.
 32479 | Depths:2 | Got the ring "Miublie" {Wiz rElec rF+ Dex+4}
 32525 | Depths:2 | Learned a level 1 spell: Apportation
 32624 | Depths:2 | Reached XP level 23. HP: 193/220 MP: 36/36
 32658 | Depths:2 | Reached skill level 19 in Invocations
 33181 | Depths:3 | Entered Level 3 of the Depths
 33194 | Depths:3 | Reached skill level 20 in Invocations
 33814 | Depths:3 | Found Eris Heb's Weapon Shoppe.
 33842 | Depths:3 | Reached skill level 21 in Invocations
 34012 | Depths:3 | Got the +8 broad axe "Yllepit" {chop, rElec Dex+6 Stlth-}
 34095 | Depths:3 | Noticed a juggernaut
 34108 | Depths:3 | Killed a juggernaut
 34257 | Depths:3 | Noticed a juggernaut
 34258 | Depths:3 | Noticed a juggernaut
 34277 | Depths:3 | Killed a juggernaut
 34277 | Depths:3 | Reached skill level 22 in Invocations
 34286 | Depths:3 | Killed a juggernaut
 34319 | Depths:3 | Noticed a juggernaut
 34332 | Depths:3 | Killed a juggernaut
 34360 | Depths:3 | Found a gate to the Realm of Zot.
 34730 | Depths:3 | Identified a +8 broad axe of holy wrath (a +6 broad axe of freezing blessed by the Shining One)
 34730 | Depths:3 | Received a gift from the Shining One
 34734 | Depths:3 | :here we goooooooooooooo
 34736 | Pan      | Entered the realm of Gloorx Vloq.
 34736 | Pan      | Entered Pandemonium
 34738 | Pan      | Noticed Gloorx Vloq
 34740 | Pan      | :i am about to do something stupid
 34745 | Pan      | Reached skill level 23 in Invocations
 34747 | Pan      | Killed Gloorx Vloq
 34747 | Pan      | Reached XP level 24. HP: 228/228 MP: 38/38
 34800 | Pan      | Got a dark rune of Zot
 34841 | Pan      | Reached skill level 24 in Invocations
 35636 | Pan      | Entered the realm of Lom Lobon.
 36205 | Pan      | Reached skill level 25 in Invocations
 36692 | Pan      | Noticed Lom Lobon
 36746 | Pan      | Killed Lom Lobon
 36748 | Pan      | Got a magical rune of Zot
 36893 | Pan      | Entered the realm of Cerebov.
 37374 | Pan      | Reached skill level 26 in Invocations
 37415 | Pan      | Noticed Cerebov
 37428 | Pan      | :broken techs
 37441 | Pan      | :CAN YOU BLINK
 37441 | Pan      | :NO
 37441 | Pan      | :GOOD
 37463 | Pan      | Killed Cerebov
 37463 | Pan      | Reached XP level 25. HP: 111/235 MP: 40/40
 37595 | Pan      | Got The Arcane Secrets of Spellweaving
 37613 | Pan      | Got a fiery rune of Zot
 37677 | Pan      | Entered the realm of Mnoleg.
 37846 | Pan      | Reached skill level 27 in Invocations
 37859 | Pan      | Reached skill level 1 in Charms
 37860 | Pan      | Reached skill level 1 in Air Magic
 37870 | Pan      | Reached skill level 2 in Charms
 37870 | Pan      | Reached skill level 2 in Air Magic
 37977 | Pan      | Reached skill level 3 in Charms
 38024 | Pan      | Reached skill level 3 in Air Magic
 38364 | Pan      | Paralysed by a floating eye for 4 turns
 38377 | Pan      | Gained mutation: Armour fits poorly on your strangely shaped body. [a shining eye]
 38384 | Pan      | Reached skill level 4 in Charms
 38387 | Pan      | Noticed Mnoleg
 38436 | Pan      | Killed Mnoleg
 38436 | Pan      | Reached skill level 4 in Air Magic
 38456 | Pan      | Reached skill level 5 in Charms
 38471 | Pan      | Reached skill level 5 in Air Magic
 38494 | Pan      | Lost mutation: You are resistant to hostile enchantments. (MR+) [potion of mutation]
 38494 | Pan      | Lost mutation: Armour fits poorly on your strangely shaped body. [potion of mutation]
 38494 | Pan      | Gained mutation: Scrolls take you a little longer to read. [potion of mutation]
 38494 | Pan      | Gained mutation: You have a pair of small antennae on your head. [potion of mutation]
 38495 | Pan      | Lost mutation: Scrolls take you a little longer to read. [potion of mutation]
 38495 | Pan      | Lost mutation: You have a pair of small antennae on your head. [potion of mutation]
 38495 | Pan      | Gained mutation: Your flesh is heat resistant. (rF+) [potion of mutation]
 38508 | Pan      | Got a glowing rune of Zot
 38690 | Pan      | :uh
 38690 | Pan      | :can i kill these without being excommunicated
 38690 | Pan      | i barely remember reading a commit about that but i dont remember if it changed it or not and i have no idea if it made it into hellcrawl
 38690 | Pan      | :hope so!
 38705 | Pan      | :good
 38737 | Pan      | Reached skill level 6 in Charms
 38796 | Pan      | Found a white marble altar of Elyvilon.
 38876 | Pan      | Reached skill level 6 in Air Magic
 39195 | Pan      | Reached skill level 7 in Charms
 39385 | Pan      | Reached skill level 7 in Air Magic
 39437 | Pan      | Reached skill level 8 in Charms
 39745 | Pan      | Reached XP level 26. HP: 209/244 MP: 40/40
 39807 | Pan      | Found a glowing silver altar of Zin.
 40197 | Pan      | Reached skill level 8 in Air Magic
 40253 | Pan      | Reached skill level 9 in Charms
 40309 | Pan      | Noticed a seraph
 40324 | Pan      | Killed a seraph
 40358 | Pan      | Found a glowing golden altar of the Shining One.
 40404 | Pan      | Got the Handbook of Floating Stones
 40409 | Pan      | Got a demonic rune of Zot
 40417 | Pan      | :the spell Haste
 40417 | Pan      | :lolwut
 40417 | Pan      | :feels like hellcrawl should have taken that commit
 40431 | Pan      | Got the +8 hunting sling "Undertaker" {velocity, rPois rN+ Str+2}
 41049 | Depths:3 | Escaped Pandemonium
 41135 | Zot:1    | Entered Level 1 of the Realm of Zot
 41139 | Zot:1    | Learned a level 2 spell: Repel Missiles
 41160 | Zot:1    | Reached skill level 9 in Air Magic
 41163 | Zot:1    | Reached skill level 10 in Charms
 41164 | Zot:1    | Noticed a cool robin
 41225 | Zot:1    | Reached skill level 16 in Shields
 41367 | Zot:1    | Killed a cool robin
 41388 | Zot:1    | Reached skill level 10 in Air Magic
 41540 | Zot:1    | Reached skill level 11 in Charms
 41627 | Zot:1    | Gained mutation: You occasionally shout uncontrollably at your foes. [mutagenic glow]
 41995 | Zot:1    | Reached XP level 27. HP: 250/250 MP: 40/40
 42304 | Zot:2    | Reached skill level 12 in Charms
 42308 | Zot:2    | Reached skill level 11 in Air Magic
 42671 | Zot:2    | Reached skill level 17 in Shields
 42696 | Zot:2    | Reached skill level 12 in Air Magic
 42998 | Zot:2    | Gained mutation: Your magical capacity is low. (-10% MP) [mutagenic glow]
 43037 | Zot:2    | Got the ring "Niq Tos" {MR+ Int+6 Dex+9 Slay-5}
 43137 | Zot:2    | Found a gateway to Hell.
 43247 | Zot:2    | Noticed an orb of fire
 43263 | Zot:2    | Gained mutation: You are dopey. (Int -5) [an orb of fire]
 43271 | Zot:2    | Killed an orb of fire
 43281 | Zot:2    | Reached skill level 22 in Axes
 43289 | Zot:2    | Lost mutation: Your flesh is heat resistant. (rF+) [potion of mutation]
 43289 | Zot:2    | Lost mutation: Your magical capacity is low. (-10% MP) [potion of mutation]
 43289 | Zot:2    | Lost mutation: You occasionally shout uncontrollably at your foes. [potion of mutation]
 43289 | Zot:2    | Gained mutation: You have supernaturally acute eyesight. (SInv) [potion of mutation]
 43289 | Zot:2    | Gained mutation: You passively map a small area around you. [potion of mutation]
 43290 | Zot:2    | Lost mutation: You are dopey. (Int -5) [potion of mutation]
 43290 | Zot:2    | Lost mutation: You passively map a small area around you. [potion of mutation]
 43290 | Zot:2    | Lost mutation: You have supernaturally acute eyesight. (SInv) [potion of mutation]
 43290 | Zot:2    | Gained mutation: You are somewhat resistant to further mutation. [potion of mutation]
 43668 | Zot:2    | :pretty sure hell gate is always present on zot:$
 43675 | Zot:2    | :note: look at vaults for hell gates, this seems bugged
 43696 | Zot:3    | Reached skill level 13 in Air Magic
 43815 | Zot:3    | Noticed an orb of fire
 43832 | Zot:3    | Killed an orb of fire
 44121 | Zot:3    | Found Mytsea's Changing Room.
 44303 | Zot:4    | Reached skill level 13 in Charms
 44364 | Zot:4    | Reached skill level 23 in Axes
 44403 | Zot:4    | Noticed a Killer Klown
 44411 | Zot:4    | Killed a Killer Klown
 44649 | Zot:4    | Reached skill level 22 in Fighting
 45071 | Zot:4    | Reached skill level 23 in Fighting
 45073 | Zot:4    | Noticed an orb of fire
 45086 | Zot:4    | Killed an orb of fire
 45099 | Zot:4    | Gained mutation: You are occasionally teleported next to monsters. [mutagenic glow]
 45131 | Zot:4    | Gained mutation: You are frail. (-10% HP) [mutagenic glow]
 45147 | Zot:4    | Lost mutation: You are frail. (-10% HP) [potion of mutation]
 45147 | Zot:4    | Lost mutation: You are occasionally teleported next to monsters. [potion of mutation]
 45414 | Zot:5    | Entered Level 5 of the Realm of Zot
 45710 | Zot:5    | Reached skill level 24 in Fighting
 45962 | Zot:5    | Noticed an ancient lich
 45967 | Zot:5    | Killed an ancient lich
 45980 | Zot:5    | Noticed an orb of fire
 45985 | Zot:5    | Noticed an orb of fire
 45998 | Zot:5    | Noticed a Killer Klown
 45998 | Zot:5    | Killed an orb of fire
 45998 | Zot:5    | Reached skill level 25 in Fighting
 46001 | Zot:5    | Killed an orb of fire
 46012 | Zot:5    | Killed a Killer Klown
 46161 | Zot:5    | Reached skill level 24 in Axes
 46186 | Zot:5    | Noticed an ancient lich
 46212 | Zot:5    | Killed an ancient lich
 46228 | Zot:5    | Noticed a Killer Klown
 46257 | Zot:5    | Killed a Killer Klown
 46295 | Zot:5    | Reached skill level 25 in Axes
 46327 | Zot:5    | Noticed an ancient lich
 46340 | Zot:5    | Noticed an orb of fire
 46345 | Zot:5    | Killed an ancient lich
 46362 | Zot:5    | Noticed an orb of fire
 46373 | Zot:5    | Killed an orb of fire
 46373 | Zot:5    | Reached skill level 18 in Shields
 46383 | Zot:5    | Killed an orb of fire
 46477 | Zot:5    | Noticed an ancient lich
 46487 | Zot:5    | Killed an ancient lich
 46487 | Zot:5    | Reached skill level 19 in Shields
 46623 | Zot:5    | Got the Orb of Zot
 46627 | Hell     | Entered the Vestibule of Hell
 46627 | Hell     | Noticed Geryon
 46656 | Hell     | Killed Geryon
 46661 | Hell     | :hmm
 46661 | Hell     | :does hellcrawl have the commit making serpent of hell breathe miasma i wonder
 46661 | Hell     | :probably
 46743 | Hell     | Noticed Akhoigil the pandemonium lord
 46756 | Hell     | Killed Akhoigil the pandemonium lord
 46756 | Hell     | Reached skill level 20 in Shields
 46784 | Hell     | :empty?
 46784 | Hell     | :fuck me i have to blow the horn?
 46784 | Hell     | asdfghjkl
 46784 | Hell     | TSO
 46803 | Hell     | :Are they all empty
 46829 | Hell     | Noticed Tich the pandemonium lord
 46845 | Hell     | Killed Tich the pandemonium lord
 46854 | Hell     | Noticed Epu Giat the pandemonium lord
 46857 | Hell     | Reached skill level 21 in Shields
 46864 | Hell     | Killed Epu Giat the pandemonium lord
 46907 | Hell     | :dang
 46963 | Hell     | Found a gateway to the ashen valley of Gehenna.
 47001 | Hell     | Noticed Yhenor Pasu the pandemonium lord
 47016 | Hell     | Killed Yhenor Pasu the pandemonium lord
 47016 | Hell     | Reached skill level 22 in Shields
 47020 | Geh:1    | Entered Level 1 of Gehenna
 47101 | Geh:2    | Noticed a seraph
 47111 | Geh:2    | Killed a seraph
 47183 | Geh:2    | Noticed Wuib the pandemonium lord
 47186 | Geh:2    | Killed Wuib the pandemonium lord
 47204 | Geh:2    | Reached skill level 23 in Shields
 47209 | Geh:2    | Noticed Juitrug the pandemonium lord
 47219 | Geh:2    | Killed Juitrug the pandemonium lord
 47229 | Geh:2    | HP: 66/266 [Ice Fiend (13)]
 47240 | Geh:2    | Noticed Cuborupt the pandemonium lord
 47265 | Geh:2    | Killed Cuborupt the pandemonium lord
 47265 | Geh:2    | Reached skill level 2 in Spellcasting
 47281 | Geh:2    | Learned a level 6 spell: Haste
 47323 | Geh:2    | Reached skill level 3 in Spellcasting
 47429 | Geh:3    | Reached skill level 26 in Axes
 47435 | Geh:3    | Noticed Zaes the pandemonium lord
 47442 | Geh:3    | Killed Zaes the pandemonium lord
 47634 | Geh:6    | Reached skill level 27 in Axes
 47829 | Geh:6    | Noticed Vaykaino the pandemonium lord
 47831 | Geh:6    | Killed Vaykaino the pandemonium lord
 47836 | Geh:6    | Reached skill level 26 in Fighting
 47856 | Geh:7    | Entered Level 7 of Gehenna
 48049 | Geh:7    | Reached skill level 27 in Fighting
 48226 | Geh:7    | Reached skill level 14 in Charms
 48509 | Geh:7    | Noticed Asmodeus
 48520 | Geh:7    | Noticed Dolloapn the pandemonium lord
 48530 | Geh:7    | Killed Dolloapn the pandemonium lord
 48530 | Geh:7    | Reached skill level 15 in Charms
 48536 | Geh:7    | Killed Asmodeus
 48558 | Geh:7    | Got an obsidian rune of Zot
 48617 | Geh:7    | :NINE RUNES BABY
 48617 | Geh:7    | :STAIRLESS CRAWL IS BEST CRAWL
 48617 | Geh:7    | :SEE YOU NEXT TIME
 48618 | Geh:$    | Escaped with the Orb!

Skill      XL: |  1  2  3  4  5  6  7  8  9 10 11 12 13 14 15 16 17 18 19 20 21 22 23 24 25 26 27 |
---------------+----------------------------------------------------------------------------------+-----
Axes           | 3 4 5 7 11 15 19 21 27 | 27.0
Fighting       | 5 7 9 11 13 15 19 21 27 | 27.0
Shields        | 7 10 12 13 15 16 23 | 23.0
Armour         | 8 10 15 16 17 20 | 20.0
Dodging        | 6 8 11 | 11.6
Throwing       | 7 |  7.0
Invocations    | 2 11 12 18 23 26 27 | 27.0
Charms         | 8 11 15 | 15.5
Air Magic      | 7 10 13 | 13.0
Spellcasting   | 3 |  3.0

Action                   |  1- 3 |  4- 6 |  7- 9 | 10-12 | 13-15 | 16-18 | 19-21 | 22-24 | 25-27 || total
-------------------------+-------+-------+-------+-------+-------+-------+-------+-------+-------++-------
Melee: War axe           |   121 |   248 |   233 |   613 |  1156 |   569 |       |       |       ||  2940
       Unarmed           |       |       |       |       |    10 |       |       |       |       ||    10
       Broad axe         |       |       |       |       |       |   559 |  1060 |   972 |  2584 ||  5175
Throw: Stone             |       |     1 |       |       |       |       |       |       |       ||     1
       Javelin           |       |       |     3 |     8 |   143 |     1 |    18 |       |       ||   173
       Curare dart       |       |       |       |       |     5 |     5 |     1 |       |       ||    11
       Poisoned dart     |       |       |       |       |     8 |     1 |       |       |       ||     9
 Cast: Repel Missiles    |       |       |       |       |       |       |       |       |     2 ||     2
       Swiftness         |       |       |       |       |       |       |       |       |     1 ||     1
Invok: Cleansing Flame   |       |       |       |       |       |       |       |     7 |    49 ||    56
       Summon Divine War |       |       |       |       |       |       |       |     2 |     3 ||     5
       Brand Weapon With |       |       |       |       |       |       |       |     1 |       ||     1
Evoke: Wand              |       |       |       |     1 |     1 |     5 |       |       |     1 ||     8
       Box of beasts     |       |       |       |       |       |     3 |     2 |       |       ||     5
       Phantom mirror    |       |       |       |       |       |     1 |       |       |       ||     1
  Use: Potion            |       |       |     4 |     2 |     5 |    30 |    21 |     4 |    25 ||    91
       Scroll            |       |       |       |       |     6 |    15 |     7 |     5 |     8 ||    41
Armor: Scale mail        |    79 |   143 |    83 |       |       |       |       |       |       ||   305
       Chain mail        |       |       |    22 |    50 |       |       |       |       |       ||    72
       Plate armour      |       |       |       |   149 |   344 |   192 |   126 |       |       ||   811
       Ring mail         |       |       |       |       |       |    22 |       |       |       ||    22
       Ice dragon scales |       |       |       |       |       |    34 |   163 |       |       ||   197
       Crystal plate arm |       |       |       |       |       |       |    14 |   344 |   846 ||  1204
Dodge: Dodged            |    69 |    74 |   112 |   229 |   376 |   407 |   281 |   165 |   493 ||  2206
       Deflected         |       |       |       |       |       |       |       |       |     4 ||     4
Block: Shield            |    97 |   128 |   146 |   264 |   311 |   140 |       |     9 |    98 ||  1193
       Large shield      |       |       |       |   188 |   485 |   854 |   754 |   772 |  2564 ||  5617
       Reflection        |       |       |       |       |       |       |       |    18 |    30 ||    48

Vault maps used:
D:1:      dpeg_arrival_tiny_h, glass_columns_a, grunt_decor_mini_mirrors
D:2:      chequers_ecumenical_altar_island, st_stairs_8
D:3:      lemuel_doored_altar, gammafunk_temple_overflow_statue,
          overflow_temple_1_default
D:4:      overflow_temple_1_default, amethyst_overflow_temple_binary
D:5:      lemuel_castle_with_subvaults, overflow_temple_1_default,
          nicolae_ru_the_path_less_chosen, minmay_liquid_box,
          minmay_misc_feat_five, uniq_sigmund
D:6:      minivault_19
D:7:      makhleb_blood_cavern_becter, overflow_temple_1_default,
          kennysheep_little_box, minitemple, kennysheep_mini_moat, bloody_trog,
          basic_altar
D:9:      uniq_pikel, uniq_erolcha
D:10:     st_stairs_2, minmay_bent
D:11:     enter_bailey_3, kennysheep_generic_room_10
D:12:     minmay_thick_lines, serial_bayou_pond_d
D:13:     basic_altar, minmay_rotating_lava
D:14:     kennysheep_snake, hangedman_decor_riveting, uniq_azrael, uniq_sonja
D:15:     grunt_enter_depths_magical_seal, erik_orc_2,
          lightli_vaults_fourway_checkpoint, serial_bayou_pond_d, uniq_kirke
Shoals:1: nicolae_shoals_this_corrosion, uniq_frances
Shoals:2: nicolae_shoals_cliffside_cave, uniq_polyphemus
Shoals:3: shoals_end_grunt_garden, shoal_ilsuiw, uniq_donald, uniq_jorgrun
Slime:2:  special_room, nicolae_slime_phagocytosis
Orc:2:    st_orc_ogre_mass, elwin_shoals_entry_rocks,
          minmay_slime_entry_pillars, basic_altar, serial_shops, shop
Elf:      grunt_elf_hall_asides
Vaults:1: v_misc_18, v_misc_11, v_pattern_4, nicolae_vaults_mini_display_case,
          hangedman_vaults_stitches, hangedman_vaults_pinch,
          nicolae_vaults_little_ls, nicolae_vaults_an_arrangement,
          nicolae_vaults_asterisk, vaults_dpeg_diagonal,
          nicolae_vaults_shelves_hall, serial_shops, nicolae_shop_waterfront
Vaults:2: hangedman_vaults_locks, ontoclasm_vaults_spin, hangedman_vaults_trim,
          vaults_room_guarded_vault, hangedman_vaults_corner_blocks, v_misc_13,
          ontoclasm_vaults_ring_small
Vaults:3: serial_shops
Depths:1: portal_elf_halls_entry_basic, serial_shops, shop_fountains,
          shop_fountains, nicolae_shop_stone, nicolae_shop_stone,
          minmay_misc_feat_chi, grunt_pan_entry_sceptre,
          kennysheep_opposing_triangles
Depths:2: lemuel_vampire_tower, old_standard_altar, pan_blood_fountain_small,
          nicolae_pan_mnolegish_3, nicolae_pan_sigil_itan
Depths:3: grunt_bruiser_brothers, serial_corexii_hall, corexii_hall_statues_i,
          corexii_hall_statues_u, rand_demon_pan_entry_4,
          hangedman_decor_growths, pan_blood_fountain, serial_shops,
          nicolae_shop_crystal, minmay_misc_feat_diagonals
Geh:4:    minmay_firetagon
Geh:6:    gehenna_fire_generator, nicolae_geh_single_fiery_grave
Geh:7:    geh_grunt
Zot:1:    grunt_megastairs_2
Zot:2:    kennysheep_oblong_rooms, hangedman_zot_decor_checkerboard, hell_entry
Zot:3:    stair_cage_cross, nicolae_transmutations_shop
Pan:      gloorx_vloq_st, nicolae_pan_sick_transit, lom_lobon, cerebov_grunt,
          evilmike_mnoleg_eyes, nicolae_pan_sick_transit, evilmike_holy_pan
Bailey:   bailey_axe_2, bailey

Table legend:
 A = Turns spent in this place as a percentage of turns spent in the entire game.
 B = Non-inter-level travel turns spent in this place as a percentage of non-inter-level travel turns spent in the entire game.
 C = Inter-level travel turns spent in this place as a percentage of turns spent in this place.
 D = Turns resting spent in this place as a percentage of non-inter-level travel turns spent in this place.
 E = Turns spent auto-exploring this place as a percentage of non-inter-level travel turns spent in this place.
 F = Non-inter-level travel turns spent in this place divided by the number of levels of this place that you've seen.
                   A       B       C       D       E      F
               +-------+-------+-------+-------+-------+----------------------
         Total | 100.0 | 100.0 |   0.2 |   1.8 |   4.0 | 561.2
       Dungeon |  24.6 |  24.5 |   0.3 |   2.5 |   6.3 | 458.9
        Shoals |   7.9 |   7.9 |   0.1 |   2.0 |   2.2 | 740.7
    Slime Pits |   7.9 |   7.9 |   0.1 |   3.0 |   1.2 | 555.5
  Orcish Mines |   2.0 |   2.0 |   1.7 |   0.5 |   5.3 | 281.5
   Elven Halls |   2.8 |   2.8 |   0.0 |   0.5 |   0.3 | 776.0
        Vaults |  12.8 |  12.8 |   0.1 |   1.6 |   5.2 | 1201.3
        Depths |   7.7 |   7.7 |   0.6 |   1.3 |   5.5 | 721.0
          Hell |   2.1 |   2.1 |   0.0 |   0.3 |   0.0 | 599.0
       Gehenna |   6.9 |   6.9 |   0.0 |   1.1 |   0.0 | 276.1
           Zot |  11.1 |  11.1 |   0.3 |   1.6 |   3.6 | 623.0
   Pandemonium |  13.4 |  13.5 |   0.0 |   1.2 |   4.0 | 755.4
        Bailey |   0.7 |   0.7 |   0.0 |   1.5 |   5.0 | 201.0
               +-------+-------+-------+-------+-------+----------------------

Table legend:
 A = Kills in this place as a percentage of kills in entire the game.
 B = Kills by you in this place as a percentage of kills by you in the entire game.
 C = Kills by friends in this place as a percentage of kills by friends in the entire game.
 D = Other kills in this place as a percentage of other kills in the entire game.
 E = Experience gained in this place as a percentage of experience gained in the entire game.
 F = Experience gained in this place divided by the number of levels of this place that you have seen.
                   A       B       C       D       E      F
               +-------+-------+-------+-------+-------+----------------------
         Total | 100.0 | 100.0 | 100.0 | 100.0 | 100.0 | 43597.5
       Dungeon |  22.3 |  22.5 |   0.0 |   0.0 |   5.1 | 7351.4
        Shoals |   5.8 |   5.7 |  20.0 |  20.0 |   3.7 | 26781.3
    Slime Pits |   7.1 |   7.1 |   0.0 |   0.0 |   5.9 | 32305.8
  Orcish Mines |   3.8 |   3.8 |   0.0 |   0.0 |   1.0 | 10869.5
   Elven Halls |   1.4 |   1.4 |   0.0 |   0.0 |   2.2 | 48537.0
        Vaults |  10.3 |  10.3 |  20.0 |  10.0 |  10.5 | 76265.7
        Depths |   8.5 |   8.4 |  20.0 |  20.0 |   9.3 | 67572.7
          Hell |   4.2 |   4.2 |  40.0 |   0.0 |   5.3 | 114468.0
       Gehenna |  13.4 |  13.3 |   0.0 |  30.0 |  14.5 | 45079.4
           Zot |  11.1 |  11.1 |   0.0 |  20.0 |  27.3 | 119033.6
   Pandemonium |  10.5 |  10.6 |   0.0 |   0.0 |  15.3 | 66539.8
        Bailey |   1.5 |   1.5 |   0.0 |   0.0 |   0.0 | 357.0
               +-------+-------+-------+-------+-------+----------------------
